 Dungeon Crawl Stone Soup version 0.29.1-2-gbd0b4ee654 (webtiles) character file.

Game seed: 5558396196143996237

138 cdecastro the Scratcher (level 5, -2/22 HPs)
             Began as a Felid Transmuter on Nov 21, 2022.
             Was a Priest of Nemelex Xobeh.
             Slain by a gnoll
             ... wielding a +0 whip
             ... led by a gnoll bouda
              (7 damage)
             ... on level 3 of the Dungeon.
             The game lasted 00:11:00 (4929 turns).

cdecastro the Scratcher (Felid Transmuter)          Turns: 4929, Time: 00:11:01

Health: -2/22      AC:  2    Str:  6    XL:     5   Next: 1%
Magic:  9/9        EV: 19    Int: 17    God:    Nemelex Xobeh [***...]
Gold:   24         SH:  0    Dex: 16    Spells: 5/8 levels left
                                        Lives:  0   Deaths: 1

rFire   . . .      SeeInvis +     - Unarmed
rCold   . . .      Faith    .   (shield unavailable)
rNeg    . . .      Spirit   .   (body armour unavailable)
rPois   .          Reflect  .   (helmet unavailable)
rElec   .          Harm     .   (cloak unavailable)
rCorr   .          Rampage  .   (gloves unavailable)
Will    +....                   (boots unavailable)
Stlth   +.........              (no amulet)
HPRegen 0.07/turn               c - ring of flight
MPRegen 0.11/turn               d - ring of willpower

@: flying, quick
A: very small, claws 1, fangs 3, see invisible, speed 1, shaggy fur 2, stealthy
paws, no weapons or thrown items, no armour, multi-lived
a: Renounce Religion, Draw Escape, Draw Destruction, Draw Summoning, Triple Draw


You were on level 3 of the Dungeon.
You worshipped Nemelex Xobeh.
Nemelex Xobeh was most pleased with you.
You visited 2 branches of the dungeon, and saw 6 of its levels.

You collected 156 gold pieces.
You spent 132 gold pieces at shops.

Inventory:

Jewellery
 c - a ring of flight (left paw)
 d - a ring of willpower (right paw)
 h - a ring of magical power
Wands
 f - a wand of charming (6)
Scrolls
 k - a scroll of blinking
 n - a scroll of fog {unknown}
 o - a scroll of noise {unknown}
 q - a scroll of teleportation
Potions
 a - 3 potions of lignification
 b - 3 potions of magic
 e - a potion of resistance
 g - a potion of curing {unknown}
 i - 2 potions of brilliance {unknown}
 j - 3 potions of ambrosia
 l - a potion of mutation {unknown}
 m - 2 potions of heal wounds {unknown}
 p - a potion of might {unknown}


   Skills:
 - Level 1.0 Fighting
 + Level 5.2 Dodging
 * Level 5.8 Unarmed Combat
 - Level 2.0 Spellcasting
 - Level 2.1 Transmutations


You had 5 spell levels left.
You knew the following spells:

 Your Spells              Type           Power      Damage    Failure   Level
a - Beastly Appendage     Tmut           18%        N/A       8%          1
b - Wereblood             Tmut           9%         N/A       12%         2

Your spell library contained the following spells:

 Spells                   Type           Power      Damage    Failure   Level
 Foxfire                  Conj/Fire      4%         2x1d4     19%         1
 Spider Form              Tmut/Pois      5%         N/A       36%         3
 Conjure Flame            Conj/Fire      1%         6-21      50%         3
 Inner Flame              Hex/Fire       1%         N/A       50%         3
 Ice Form                 Ice/Tmut       5%         N/A       77%         4
 Flame Wave               Conj/Fire      1%         2d4       88%         4


Dungeon Overview and Level Annotations

Branches:
Dungeon (5/15)             Temple (1/1) D:4

Altars:
Ashenzari
Dithmenos
Elyvilon
Fedhas
Gozag
Hepliaklqana
Makhleb
Nemelex Xobeh
Okawaru
Qazlal
Ru
Sif Muna
Uskayaw
Vehumet
Xom
Zin
The Shining One

Shops:
D:4 ?[*

Annotations:
D:3 1 runed translucent door, exclusion: orc priest, Rudyous's ghost, amateur HOFi
D:4 Edmund; Grinder; Menkaure


Innate Abilities, Weirdness & Mutations

You have sharp claws.
You have razor-sharp teeth.
You have supernaturally acute eyesight. (SInv)
You cover ground quickly. (Speed+)
You are covered in thick fur. (AC +2)
Your paws help you pounce on unaware monsters.
You are incapable of wielding weapons or throwing items.
You cannot wear armour.
You gain extra lives every three experience levels.


Message History

The kobold throws a stone.
The stone misses you.
The kobold hits you with a +1 dagger of venom.
You are poisoned.
You claw the kobold!
You kill the kobold!
You feel sick. Grinder gestures at you.
You suddenly lose the ability to move!
Your transformation is almost over.
You feel sick.
You feel sick.
You can move again.
Unknown command.
You feel sick.
You feel sick.
You feel sick.
You feel sick.
The gnoll bouda mumbles some strange prayers to its god.
The gnoll bouda is healed somewhat.
You feel sick.
You are no longer poisoned.
The gnoll bouda misses you.
Grinder says, "You look like you could use a good racking."
The gnoll bouda barely misses you.
Your horns disappear.
The gnoll bouda barks out a call to the hunt!
The gnoll picks up the pace!
The gnoll completely misses you. The gnoll attacks as you move away!
The gnoll closely misses you. The gnoll attacks as you move away!
The gnoll hits you with a +0 whip.
* * * LOW HITPOINT WARNING * * *
There is a stone staircase leading up, spattered with blood here.
The gnoll barely misses you.
You fly upwards.
Level annotation: 1 runed translucent door, exclusion: orc priest, Rudyous's ghost, amateur HOFi
There is a stone staircase leading down here.
The gnoll barely misses you. The gnoll hits you with a +0 whip!
You die...
Your body disappears without a glow.

#......##...........##
#......##.#...........
#.........<...........
#........#............
#......##.....#....#.#
#......##.#..##..#.#..
#.........##.....#.##.
#####.######.##.##.# .
#(...@# #.#.....# .
#....g# ##.#..#### .
#.....# #.....# .
#.....# #.....## #.
#.....# #......# #.
#.....# #..>...# ##
#.....# #####..#####
#.....# #....#..
####.## #......#


You could see a gnoll (swift).

Vanquished Creatures
  A scorpion (D:4)
  An orc priest (D:2)
  An orc wizard (D:2)
  2 gnolls (D:4)
  3 adders
  3 worms
  A dart slug (D:1)
  7 orcs
  8 endoplasms
  5 giant cockroaches
  3 goblins
  8 hobgoblins
  8 jackals (D:4)
  6 kobolds
  4 quokkas
  7 ball pythons
  8 bats
  6 frilled lizards
  2 rats
84 creatures vanquished.

Vanquished Creatures (others)
  3 plants (D:4)
3 creatures vanquished.

Grand Total: 87 creatures vanquished

Notes
Turn   | Place    | Note
-------+----------+-------------------------------------------
     0 | D:1      | cdecastro the Felid Transmuter began the quest for the Orb.
     0 | D:1      | Reached XP level 1. HP: 9/9 MP: 4/4
   124 | D:1      | Found a faded altar of an unknown god.
   144 | D:1      | Prayed at the altar of an unknown god.
   144 | D:1      | Became a worshipper of Nemelex Xobeh the Trickster
   144 | D:1      | Reached * piety under Nemelex Xobeh
   335 | D:1      | Reached XP level 2. HP: 11/12 MP: 4/6
   887 | D:1      | Reached XP level 3. HP: 15/15 MP: 5/7
  1087 | D:2      | Received a gift from Nemelex Xobeh
  1545 | D:1      | Learned a level 2 spell: Wereblood
  1600 | D:2      | Reached XP level 4. HP: 3/19 MP: 8/8
  1984 | D:2      | Reached ** piety under Nemelex Xobeh
  2714 | D:2      | Identified a scroll of acquirement
  2714 | D:2      | Acquired a ring of willpower
  2891 | D:3      | Reached skill level 5 in Unarmed Combat
  2941 | D:3      | Reached XP level 5. HP: 22/22 MP: 9/9
  2983 | D:3      | Noticed Rudyous's ghost (amateur HOFi)
  3244 | D:3      | Received a gift from Nemelex Xobeh
  3297 | D:3      | Found a runed translucent door.
  3544 | D:4      | Found Peqated's General Store.
  3546 | D:4      | Found a staircase to the Ecumenical Temple.
  3551 | D:4      | Bought a scroll of blinking for 90 gold pieces
  3567 | Temple   | Entered the Ecumenical Temple
  3845 | D:4      | Noticed Eustachio
  3936 | D:4      | Noticed Menkaure
  3945 | D:5      | Entered Level 5 of the Dungeon
  3995 | D:5      | Noticed a lemure
  3996 | D:5      | Noticed a lemure
  4340 | D:4      | Noticed Eustachio
  4340 | D:4      | Eustachio changed into Eustachio the worm
  4347 | D:4      | Killed Eustachio the worm
  4401 | D:4      | Noticed Edmund
  4401 | D:4      | Noticed Grinder
  4473 | D:4      | Found Ohexzoeb's Antique Armour Shoppe.
  4547 | D:4      | Reached skill level 5 in Dodging
  4645 | D:4      | Gained mutation: You are covered in thick fur. (AC +2)
                  | [Felid growth]
  4645 | D:4      | Reached XP level 6. HP: 10/25 MP: 10/10
  4854 | D:4      | Slain by a gnoll bouda
  4855 | D:4      | Reached XP level 5. HP: 0/22 MP: 9/9
  4861 | D:4      | Found Wasasty's Magic Scroll Boutique.
  4865 | D:4      | Bought a scroll of teleportation for 42 gold pieces
  4877 | D:4      | Reached *** piety under Nemelex Xobeh
  4896 | D:4      | Paralysed by Grinder for 2 turns
  4929 | D:3      | Slain by a gnoll

Illustrated notes

Levels and vault maps discovered:
D:1:      dpeg_arrival_leaves_temple_mockup, layout_rooms,
          ebering_ecumenical_altar_petrified, serial_forest,
          infiniplex_forest_lined_2, infiniplex_forest_clump_long,
          infiniplex_forest_lined_room_2, infiniplex_forest_clump_C,
          infiniplex_forest_zigzag_1, infiniplex_forest_lined_3
D:2:      layout_basic
D:3:      layout_rooms, hellmonk_ghost_happy_afterlife, minmay_misc_feat_room,
          minmay_cupped
D:4:      layout_cave_pools, minmay_temple_entry_gardened_gates, serial_shops,
          nicolae_shop_behind_doors, nicolae_take_the_stairs, shop, shop,
          shop_statue, uniq_eustachio, uniq_edmund, uniq_menkaure, uniq_grinder
D:5:      layout_basic, uniq_pikel, uniq_ijyb
Temple:   bh_familiar_temple

Skill      XL: |  1  2  3  4  5 |
---------------+----------------+-----
Dodging        | 3 4 5 |  5.2
Unarmed Combat | 4 5 |  5.8
Fighting       | |  1.0
Spellcasting   | |  2.0
Transmutations | |  2.1

Action                   |  1- 3 |  4- 6 || total
-------------------------+-------+-------++-------
Melee: Unarmed           |    78 |   139 ||   217
       Bite              |     6 |    10 ||    16
       Headbutt          |     8 |    17 ||    25
       Punch             |     1 |     9 ||    10
 Cast: Beastly Appendage |    13 |    30 ||    43
       Wereblood         |       |     4 ||     4
Invok: Draw Destruction  |       |     1 ||     1
  Use: Scroll            |       |     7 ||     7
 Stab: Sleeping          |     1 |     3 ||     4
Armor: Skin              |     7 |     9 ||    16
Dodge: Dodged            |    49 |   135 ||   184
